 Dungeon Crawl Stone Soup version 0.30-a0-782-ge64f9170bb (webtiles) character file.

Game seed: 14758236404530045894

62 Jane the Ducker (level 3, 0/14 HPs)
             Began as a Felid Venom Mage on Feb 22, 2023.
             Killed by nerve-wracking pain
             ... invoked by Jessica
              (9 damage)
             ... on level 2 of the Dungeon.
             The game lasted 00:24:42 (2116 turns).

Jane the Ducker (Felid Venom Mage)                  Turns: 2116, Time: 00:24:42

Health: 0/14       AC:  1    Str:  4    XL:     3   Next: 85%
Magic:  5/7        EV: 18    Int: 18    God:
Gold:   116        SH:  0    Dex: 16    Spells: 5/6 levels left
                                        Lives:  0   Deaths: 0

rFire   . . .      SeeInvis +    (weapon unavailable)
rCold   . . .      Faith    .    (shield unavailable)
rNeg    . . .      Spirit   .    (body armour unavailable)
rPois   .          Reflect  .    (helmet unavailable)
rElec   .          Harm     .    (cloak unavailable)
rCorr   .          Rampage  .    (gloves unavailable)
Will    .....                    (boots unavailable)
Stlth   ++                       (no amulet)
HPRegen 0.22/turn                (no ring)
MPRegen 0.10/turn                (no ring)

@: slowed, slow
A: very small, claws 1, fangs 3, see invisible, speed 1, shaggy fur 1, stealthy
paws, no weapons or thrown items, no armour, multi-lived
a: no special abilities


You were on level 2 of the Dungeon.
You visited 1 branch of the dungeon, and saw 2 of its levels.

You collected 116 gold pieces.

Inventory:

Scrolls
 b - a scroll of immolation
 d - a scroll of silence {unknown}
 e - 2 scrolls of identify
 f - a scroll of brand weapon {unknown}
Potions
 a - a potion of magic
 c - 2 potions of degeneration


   Skills:
 + Level 3.5 Dodging
 - Level 2.9 Stealth
 + Level 2.4 Spellcasting
 + Level 1.6 Transmutations
 + Level 3.4 Poison Magic


You had 5 spell levels left.
You knew the following spells:

 Your Spells              Type           Power      Damage    Failure   Level
a - Sting                 Tmut/Pois      44%        1d5       6%          1

Your spell library contained the following spells:

 Spells                   Type           Power      Damage    Failure   Level
 Poisonous Vapours        Pois/Air       16%        N/A       13%         2
 Magic Dart               Conj           8%         1d3       17%         1
 Call Imp                 Summ           2%         N/A       26%         2
 Mephitic Cloud           Conj/Pois/Air  6%         N/A       32%         3
 Olgreb's Toxic Radiance  Pois           14%        N/A       38%         4


Dungeon Overview and Level Annotations

Branches:
Dungeon (2/15)

Altars:

Shops:
D:1 (

Annotations:
D:2 Jessica


Innate Abilities, Weirdness & Mutations

You have sharp claws.
You have razor-sharp teeth.
You have supernaturally acute eyesight. (SInv)
You cover ground quickly. (Speed+)
You are covered in fur. (AC +1)
Your paws help you pounce on unaware monsters.
You are incapable of wielding weapons or throwing items.
You cannot wear armour.
You gain extra lives every three experience levels.


Message History

You don't know that spell.
Casting: Sting (safe; 6% risk of failure)
Confirm with . or Enter, or press ? or * to list all spells.
Aiming: Sting (safe; 6% risk of failure)
Press: ? - help, Shift-Dir - straight line
Okay, then.
Jessica mumbles some strange words.
Jessica seems to speed up.
Casting: Sting (safe; 6% risk of failure)
Confirm with . or Enter, or press ? or * to list all spells.
You don't know that spell.
Casting: Sting (safe; 6% risk of failure)
Confirm with . or Enter, or press ? or * to list all spells.
Aiming: Sting (safe; 6% risk of failure)
Press: ? - help, Shift-Dir - straight line, f - goblin
Aim: a goblin, wielding a +0 club (64% to hit)
The sting hits the goblin.
The goblin is poisoned.
The goblin is heavily wounded.
The goblin barely misses you. Jessica attacks as you move away!
Jessica closely misses you.
You kill the goblin!
Jessica closely misses you.
Casting: Sting (safe; 6% risk of failure)
Confirm with . or Enter, or press ? or * to list all spells.
Aiming: Sting (safe; 6% risk of failure)
Press: ? - help, Shift-Dir - straight line, f - Jessica
Aim: Jessica, wielding a +0 club and wearing a +0 robe (fast, 71% to hit)
The sting hits Jessica.
Jessica is poisoned.
Jessica is heavily wounded.
Jessica closely misses you. Jessica barely misses you.
Jessica attacks as you move away! Jessica misses you.
Jessica barely misses you. Jessica completely misses you.
Jessica hits you with a +0 club. Jessica attacks as you move away!
Jessica hits you with a +0 club.
Jessica looks more healthy.
Jessica grins evilly.
Jessica points at you and mumbles some strange words.
Pain shoots through your body!
Ouch! That really hurt!
You die...

.. #....# #........
#....####'#####..
####............###.
#...............# #.
##..).##........# ##
#....##........# #
#..@.##.(......#
#...)##........####
#.@..######'##.....
##....# #.##.....
#####...########.##....÷
#.......# #..†...#.....
#.......# #......+.....
#.......# #......######
######### #......#
#......# #......#


You could see Jessica (fast).

Vanquished Creatures
  An adder (D:2)
  3 worms (D:2)
  2 bats (D:1)
  2 endoplasms (D:1)
  A giant cockroach (D:2)
  6 goblins
  4 hobgoblins
  4 jackals (D:1)
  6 kobolds
  2 quokkas (D:1)
  3 ball pythons (D:1)
  3 frilled lizards
  4 rats (D:1)
41 creatures vanquished.

Vanquished Creatures (others)
  3 fungi (D:2)
  3 plants (D:2)
6 creatures vanquished.

Grand Total: 47 creatures vanquished

Notes
Turn   | Place    | Note
-------+----------+-------------------------------------------
     0 | D:1      | Jane the Felid Venom Mage began the quest for the Orb.
     0 | D:1      | Reached XP level 1. HP: 7/7 MP: 4/4
   318 | D:1      | Reached XP level 2. HP: 11/11 MP: 4/6
   616 | D:1      | Found Alema's Weapon Shop.
   853 | D:1      | Reached XP level 3. HP: 14/14 MP: 4/7
  2077 | D:2      | Noticed Jessica
  2116 | D:2      | Killed from afar by Jessica

Illustrated notes

Levels and vault maps discovered:
D:1:      minmay_arrival_jagged, layout_basic, serial_shops,
          nicolae_shop_crystal
D:2:      minmay_chambers_of_twos, layout_basic,
          shapermc_ecumenical_altar_petra, uniq_jessica

Skill      XL: |  1  2 |
---------------+-------+-----
Poison Magic   | 3 |  3.4
Dodging        | 3 |  3.5
Stealth        | |  2.9
Spellcasting   | |  2.4
Transmutations | |  1.6

Action                     || total
---------------------------++-------
  Melee: Unarmed           ||    86
         Bite              ||    16
         Punch             ||     1
   Cast: Sting             ||    48
    Use: Scroll            ||     3
         Potion            ||     1
   Stab: Sleeping          ||     1
 Armour: Skin              ||     7
  Dodge: Dodged            ||   121

Table legend: (Time is in decaauts)
 A = Elapsed time spent in this place.
 B = Non-inter-level travel time spent in this place.
 C = Inter-level travel time spent in this place.
 D = Time resting spent in this place.
 E = Time spent auto-exploring this place.
 F = Levels seen in this place.
 G = Mean time per level.
                   A        B        C        D        E       F      G
               +--------+--------+--------+--------+--------+-----+--------+
         Total |   1748 |   1725 |     23 |     76 |    535 |   2 |  874.0 |
       Dungeon |   1748 |   1725 |     23 |     76 |    535 |   2 |  874.0 |
               +--------+--------+--------+--------+--------+-----+--------+

Top non-repeatable levels by time:
     D:1: 1189 daAuts
     D:2: 558 daAuts
